 Dungeon Sprint DCSS version 0.25-a0-589-g1e14c54 (webtiles) character file.

Game seed: 2608686023671357156, levelgen mode: deterministic

7 Faca the Skirmisher (level 2, -3/26 HPs)
             Began as a Barachi Fighter on Mar 9, 2020.
             Slain by an ogre
             ... wielding a +0 giant club
              (18 damage)
             ... in the Dungeon (Sprint IX: "|||||||||||||||||||||||||||||").
             The game lasted 00:00:21 (123 turns).

Faca the Skirmisher (Barachi Fighter)                Turns: 123, Time: 00:00:21

Health: -3/26      AC:  6    Str: 17    XL:     2   Next: 0%
Magic:  2/2        EV:  7    Int:  8    God:
Gold:   0          SH:  9    Dex: 11    Spells: 1/1 levels left

rFire    . . .     SeeInvis .   a - +0 long sword
rCold    . . .     Gourm    .   c - +0 kite shield
rNeg     . . .     Faith    .   b - +0 scale mail
rPois    .         Spirit   .   (no helmet)
rElec    .         Reflect  .   (no cloak)
rCorr    .         Harm     .   (no gloves)
MR       .....     NoTele   +   (no boots)
Stlth    ..........             (no amulet)
HPRegen  0.08/turn              (no ring)
MPRegen  0.08/turn              (no ring)

@: slow
A: +LOS, swims, slowness 1, strong legs 1
a: Hop


You were in the Dungeon.
You were not hungry.

You visited 1 branch

Inventory:

Hand Weapons
 a - a +0 long sword (weapon)
Armour
 b - a +0 scale mail (worn)
 c - a +0 kite shield (worn)
Scrolls
 k - a scroll of blinking
Potions
 d - a potion of might
 e - a potion of curing
 h - a potion of haste
 i - 2 potions of magic
 j - a potion of berserk rage
Comestibles
 f - a ration


   Skills:
 + Level 4.8 Fighting
 + Level 4.0 Long Blades
 - Level 3.6 Armour
 - Level 3.2 Shields


You had one spell level left.
You didn't know any spells.
Your spell library was empty.

Dungeon Overview and Level Annotations

Branches:
Dungeon (1/1)

Altars:


Innate Abilities, Weirdness & Mutations

You can be seen from farther away. (+LOS)
You can swim through water.
You cover ground slowly.
You can hop short distances.


Message History

You miss the crimson imp.
The crimson imp hits you but does no damage.
The ogre hits you with a +0 giant club! The crimson imp barely misses you.
You riposte.
You slash the crimson imp!
The crimson imp is severely wounded.
You hit the ogre.
The ogre is moderately wounded.
You block the crimson imp's attack. The ogre hits you with a +0 giant club!
* * * LOW HITPOINT WARNING * * *
You feel much better. You block the crimson imp's attack.
The ogre hits you with a +0 giant club.
You hit the ogre.
The ogre is moderately wounded.
The shadow imp summons a swarm of flies.
You block the crimson imp's attack.
You slash the ogre!
The ogre is heavily wounded.
The ogre hits you with a +0 giant club!!
Ouch! That really hurt!
You die...

▓.▓
▓.▓
▓)▓
▓.▓
▓.▓
▓.▓
▓.▓
▓5▓
▓@▓
▓O▓
▓5▓
▓Z▓
▓.▓
▓.▓
▓+▓


You could see an ogre, a crimson imp, a shadow imp and a giant cockroach zombie.

Vanquished Creatures
  An orc (D)
  A giant cockroach (D)
  A goblin (D)
  A bat (D)
  2 frilled lizards (D)
6 creatures vanquished.

Notes
Turn   | Place    | Note
-------+----------+-------------------------------------------
     0 | D        | Faca the Barachi Fighter began the quest for the Orb.
     0 | D        | Reached XP level 1. HP: 18/18 MP: 1/1
   114 | D        | Noticed a crimson imp
   114 | D        | Noticed an ogre
   116 | D        | Reached XP level 2. HP: 26/26 MP: 2/2
   123 | D        | Slain by an ogre

Levels and vault maps discovered:
D:        linesprint [early_d, line_temple, items_1, d_10, items_2, lair_1,
          lair_end, items_3, orc_1, orc_end, items_4, d_15, swamp_1, shoals_1,
          snake_1, spider_1, d_20, vaults_1, items_5, swamp_end, shoals_end,
          snake_end, spider_end, vaults_end, d_27, items_6, zot_1, zot_end,
          crypt_end, forest_end, elf_end, slime_end, tomb_end, abyss_end,
          pan_hell_end]

Skill      XL: |  1 |
---------------+----+-----
Fighting       | 4 |  4.8
Long Blades    | 4 |  4.0
Armour         | |  3.6
Shields        | |  3.2

Action                   || total
-------------------------++-------
Melee: Long sword        ||    26
  Use: Potion            ||     1
Armor: Scale mail        ||    10
Dodge: Dodged            ||     5
Block: Kite shield       ||    11
       Rpst.: Long sword ||     3

Table legend:
 A = Non-vault XP
 B = Vault XP
 C = Vault XP percentage of total XP
 D = Non-vault monster count
 E = Vault monster count
 F = Vault count percentage of total count
                 A         B        C        D         E       F
            +---------+---------+-------+---------+---------+-------
      Total |       0 |      10 | 100.0 |       0 |       6 | 100.0
            +---------+---------+-------+---------+---------+-------
          D |       0 |      10 | 100.0 |       0 |       6 | 100.0
            +---------+---------+-------+---------+---------+-------
